 Dungeon Crawl Stone Soup version 0.18.1-6-gd335043 (webtiles) character file.

28102 Jerry the Tortoise (level 13, -1/100 HPs)
             Began as a Minotaur Fighter on May 18, 2016.
             Was a High Priest of Pakellas.
             Slain by Rupert
             ... wielding a +1 great mace of crushing
              (13 damage)
             ... on level 6 of the Lair of Beasts.
             The game lasted 01:19:33 (17099 turns).

Jerry the Tortoise (Minotaur Fighter)              Turns: 17099, Time: 01:19:33

Health: -1/100     AC: 19    Str: 31    XL:     13   Next: 7%
Magic:  12/12      EV: 10    Int:  5    God:    Pakellas [*****.]
Gold:   998        SH: 19    Dex: 11    Spells: 0 memorised, 12 levels left

rFire  . . .     SeeInvis .     C - +2 whip (freeze)
rCold  . . .     Gourm    .     b - +0 scale mail
rNeg   . . .     Faith    .     c - +0 shield
rPois  .         Spirit   .     N - +0 hat
rElec  .         Dismiss  .     D - +2 cloak
rCorr  .         Reflect  +     n - +2 pair of gloves
SustAt .         Harm     .     S - +0 pair of boots
MR     +....                    t - +4 amulet of reflection
Stlth  ..........               L - ring of protection from magic
                                a - +6 ring of strength

@: somewhat resistant to hostile enchantments, extremely unstealthy
A: retaliatory headbutt, horns 2
a: Quick Charge, Device Surge, Renounce Religion


You were on level 6 of the Lair of Beasts.
You worshipped Pakellas.
Pakellas was extremely pleased with you.
You were very hungry.

You visited 3 branches of the dungeon, and saw 18 of its levels.

You collected 998 gold pieces.

Inventory:

Hand Weapons
 C - a +2 whip of freezing (weapon)
Missiles
 Q - a throwing net (quivered)
Armour
 b - a +0 scale mail (worn)
 c - a +0 shield (worn)
 n - a +2 pair of gloves (worn)
 D - a +2 cloak (worn)
 N - a +0 hat (worn)
 S - a +0 pair of boots (worn)
 V - the +1 chain mail "Lial" {+Blink rPois Int-5}
   (You found it on level 4 of the Lair of Beasts)

   It affects your intelligence (-5).
   It protects you from poison.
   It lets you blink.
Jewellery
 a - a +6 ring of strength (left hand)
 k - an uncursed ring of protection from magic
 t - a +4 amulet of reflection (around neck)
 G - an uncursed ring of protection from fire
 J - an uncursed ring of protection from fire
 L - a ring of protection from magic (right hand)
 M - an uncursed ring of see invisible
Wands
 w - a wand of paralysis (5/24)
 T - a wand of flame (22/48)
Scrolls
 e - 13 scrolls of remove curse
 g - 3 scrolls of enchant armour
 l - 2 scrolls of identify
 m - 3 scrolls of immolation
 u - 3 scrolls of fog
 v - 5 scrolls of fear
 x - a scroll of blinking
 y - 3 scrolls of teleportation
 E - 4 scrolls of recharging
 K - 3 scrolls of enchant weapon
 O - 3 scrolls of magic mapping
Potions
 d - 4 potions of magic
 h - a potion of curing
 j - 6 potions of cure mutation
 o - 4 potions of brilliance
 q - a potion of haste
 s - 3 potions of ambrosia
 z - 2 potions of lignification
 A - a potion of berserk rage {unknown}
 B - 2 potions of flight {unknown}
 H - a potion of resistance {unknown}
 I - 2 potions of cancellation
 U - 2 potions of might
 X - a potion of invisibility
Comestibles
 f - 12 bread rations
 i - 26 fruits
 p - 10 meat rations
 F - a slice of pizza
 R - 14 beef jerkies
 W - a royal jelly


   Skills:
 - Level 5.0 Fighting
 + Level 14.9 Maces & Flails
 + Level 15.0 Armour
 + Level 14.9 Shields


You had 12 spell levels left.
You didn't know any spells.

Dungeon Overview and Level Annotations

Branches:
Dungeon (11/15)            Temple (1/1) D:5            Lair (6/8) D:11
 Shoals (0/4) Lair:4       Spider (0/4) Lair:4          Orc (0/2) D:11
  Slime: Lair:6-8

Altars:
Ashenzari
Cheibriados
Dithmenos
Elyvilon
Fedhas
Gozag
Kikubaaqudgha
Makhleb
Nemelex Xobeh
Okawaru
Pakellas
Qazlal
Ru
Sif Muna
Trog
Vehumet
Xom
Yredelemnul
Zin
The Shining One

Shops:
D:7 [(   D:9 *

Annotations:
Lair:6 Rupert


Innate Abilities, Weirdness & Mutations

You reflexively headbutt those who attack you in melee.
You have a pair of horns on your head.


Message History

Rupert hits you with a great mace of crushing!
You closely miss Rupert. You headbutt Rupert, but do no damage.
Rupert is almost dead.
You hit Rupert but do no damage. Your headbutt misses Rupert.
Rupert is almost dead.
Rupert hits you with a great mace of crushing!!
* * * LOW HITPOINT WARNING * * *
x2 You block Rupert's attack.
You hit Rupert but do no damage.
Rupert is almost dead.
You block Rupert's attack.
Drink which item? (? for menu, Esc to quit)
Okay, then.
You whack Rupert! You freeze Rupert. Your headbutt misses Rupert.
Rupert is almost dead.
You closely miss Rupert.
Rupert is almost dead.
Rupert hits you with a great mace of crushing!
You die...
Pakellas says: Time to start the next experiment...

#.##P.P
......P ##
.P.....
##.##.......
#...........
#P..........
#.^.........
#..@<.......
#..@........
#...........
#............
#.............
#.............
##............
#............
............


You could see Rupert (berserk).

Vanquished Creatures
  Gastronok (D:10)
  Erolcha (D:8)
  2 hydras
  Urug (D:10)
  The ghost of lupus83 the Reanimator, a novice DDNe (D:6)
  Pikel (D:8)
  An ugly thing (D:10)
  A griffon (Lair:3)
  2 black mambas
  9 elephants
  Maurice (D:8)
  A guardian serpent (D:10)
  Joseph (D:8)
  8 spiny frogs
  A kobold demonologist (D:11)
  4 komodo dragons
  3 trolls
  Prince Ribbit (D:8)
  15 yaks
  3 wyverns
  11 hippogriffs
  3 basilisks
  2 steam dragons (D:6)
  A hungry ghost (D:11)
  3 porcupines
  5 water moccasins
  3 ice beasts
  3 orc warriors
  2 sky beasts
  A slave (D:8)
  2 black bears
  2 phantoms
  An eye of draining (D:11)
  6 ogres
  A necrophage (D:10)
  3 centaurs
  7 crocodiles
  A big kobold (D:11)
  19 giant frogs
  A wyvern skeleton (D:10)
  3 scorpions
  18 killer bees
  3 wights (D:11)
  2 jellies
  3 howler monkeys (D:7)
  3 crimson imps
  4 giant frog zombies
  A quasit (D:9)
  2 giant frog skeletons (D:4)
  7 orc priests
  2 centaur skeletons
  Crazy Yiuf (D:3)
  9 orc wizards
  9 iguanas
  6 worker ants
  13 sheep
  A hound zombie (D:6)
  A hound skeleton (D:7)
  3 gnolls (D:6)
  14 adders
  42 river rats
  A shadow imp (D:11)
  2 oozes
  An adder zombie (D:5)
  An adder skeleton (D:9)
  5 worms
  3 dart slugs
  2 giant geckos
  38 orcs
  3 bats
  4 giant cockroaches
  6 goblins
  4 hobgoblins
  7 jackals
  9 kobolds
  4 quokkas
  2 giant gecko skeletons
  A giant gecko zombie (D:7)
  10 giant newts
  6 rats
  A plant (Lair:1)
392 creatures vanquished.

Vanquished Creatures (others)
  2 centaurs (Lair:4)
  A jelly (D:9)
  3 plants (Lair:1)
6 creatures vanquished.

Grand Total: 398 creatures vanquished

Notes
Turn   | Place    | Note
--------------------------------------------------------------
     0 | D:1      | Jerry the Minotaur Fighter began the quest for the Orb.
     0 | D:1      | Reached XP level 1. HP: 19/19 MP: 0/0
   130 | D:1      | Reached skill level 4 in Armour
   130 | D:1      | Reached XP level 2. HP: 26/26 MP: 1/1
   537 | D:2      | Reached XP level 3. HP: 29/31 MP: 2/2
  1538 | D:3      | Reached XP level 4. HP: 39/39 MP: 3/3
  1556 | D:3      | Reached skill level 5 in Shields
  1725 | D:3      | Reached XP level 5. HP: 45/45 MP: 4/4
  1803 | D:3      | Found a glowing golden altar of the Shining One.
  2038 | D:3      | Reached skill level 5 in Armour
  2388 | D:3      | Noticed Crazy Yiuf
  2393 | D:3      | Killed Crazy Yiuf
  2720 | D:4      | Reached XP level 6. HP: 39/51 MP: 5/5
  2839 | D:4      | Reached skill level 5 in Maces & Flails
  3095 | D:5      | Entered Level 5 of the Dungeon
  3118 | D:5      | Found a staircase to the Ecumenical Temple.
  3150 | D:5      | Reached skill level 6 in Armour
  3160 | D:5      | Reached XP level 7. HP: 42/57 MP: 6/6
  3524 | Temple   | Entered the Ecumenical Temple
  4049 | D:6      | Reached skill level 7 in Armour
  4109 | D:6      | Found a snail-covered altar of Cheibriados.
  4285 | D:6      | Noticed a steam dragon
  4285 | D:6      | Noticed a steam dragon
  4319 | D:6      | Killed a steam dragon
  4319 | D:6      | Reached XP level 8. HP: 51/67 MP: 7/7
  4325 | D:6      | Reached skill level 5 in Fighting
  4476 | D:6      | Found a stormy altar of Qazlal.
  4645 | D:6      | Reached skill level 8 in Armour
  4883 | D:6      | Noticed lupus83's ghost (novice DDNe)
  4912 | D:6      | Killed lupus83's ghost
  5450 | D:7      | Found Plog's Antique Weapon Boutique.
  5493 | D:7      | Reached XP level 9. HP: 38/74 MP: 8/8
  5685 | D:7      | Reached skill level 9 in Armour
  5695 | D:7      | Found Xast's Armour Shop.
  6116 | D:7      | Found an opulent altar of Gozag.
  6215 | D:7      | Found a shadowy altar of Dithmenos.
  6216 | D:7      | Found a shattered altar of Ashenzari.
  6216 | D:7      | Found a bloodstained altar of Trog.
  6216 | D:7      | Found a blossoming altar of Fedhas.
  6218 | D:7      | Found a shimmering altar of Xom.
  6221 | D:7      | Found an oddly glowing altar of Pakellas.
  6224 | D:7      | Became a worshipper of Pakellas the Inventive
  6344 | D:8      | Noticed Erolcha
  6358 | D:8      | Killed Erolcha
  6358 | D:8      | Reached skill level 10 in Armour
  6503 | D:8      | Noticed Joseph
  6516 | D:8      | Killed Joseph
  6516 | D:8      | Reached skill level 10 in Maces & Flails
  6644 | D:8      | Noticed Pikel
  6659 | D:8      | Killed Pikel
  6659 | D:8      | Reached skill level 10 in Shields
  6659 | D:8      | Reached XP level 10. HP: 73/81 MP: 9/9
  6934 | D:8      | Noticed Prince Ribbit
  6948 | D:8      | Killed Prince Ribbit
  7197 | D:8      | Noticed Maurice
  7212 | D:8      | Killed Maurice
  7391 | D:9      | Found Semmugg's General Store.
  7515 | D:9      | Reached skill level 11 in Armour
  7525 | D:9      | Found a bloodstained altar of Trog.
  7534 | D:9      | Reached * piety under Pakellas
  7534 | D:9      | Received a gift from Pakellas
  8201 | D:10     | Entered Level 10 of the Dungeon
  8438 | D:10     | Noticed a guardian serpent
  8449 | D:10     | Killed a guardian serpent
  8655 | D:10     | Found a burning altar of Makhleb.
  8685 | D:10     | Reached ** piety under Pakellas
  8685 | D:10     | Received a gift from Pakellas
  9004 | D:10     | Noticed Urug
  9033 | D:10     | Killed Urug
  9033 | D:10     | Reached skill level 12 in Armour
  9033 | D:10     | Reached XP level 11. HP: 35/86 MP: 10/10
  9471 | D:10     | Noticed Gastronok
  9503 | D:10     | Killed Gastronok
  9676 | D:10     | Noticed a white ugly thing
  9707 | D:10     | Killed a white ugly thing
  9965 | D:11     | Found a staircase to the Orcish Mines.
 10185 | D:11     | Reached *** piety under Pakellas
 10185 | D:11     | Received a gift from Pakellas
 10292 | D:11     | Reached skill level 13 in Armour
 10450 | D:11     | Found a staircase to the Lair.
 10845 | Lair:1   | Entered Level 1 of the Lair of Beasts
 10882 | Lair:1   | Reached **** piety under Pakellas
 10882 | Lair:1   | Received a gift from Pakellas
 11642 | Lair:1   | Reached XP level 12. HP: 74/94 MP: 11/11
 12398 | Lair:2   | Reached ***** piety under Pakellas
 12398 | Lair:2   | Received a gift from Pakellas
 13127 | Lair:3   | Reached skill level 14 in Armour
 13461 | Lair:3   | Noticed an eight-headed hydra
 13476 | Lair:3   | Killed an eight-headed hydra
 14765 | Lair:4   | Found a hole to the Spider Nest.
 14836 | Lair:4   | Found a staircase to the Shoals.
 14838 | Lair:4   | Got a faintly glowing chain mail
 14986 | Lair:4   | Identified the +1 chain mail "Lial" {+Blink rPois Int-5} (You found it on level 4 of the Lair of Beasts)
 14986 | Lair:4   | Lost intelligence.
 15031 | Lair:4   | Noticed a six-headed hydra
 15055 | Lair:4   | Killed a six-headed hydra
 15357 | Lair:4   | Found a shimmering altar of Xom.
 15915 | Lair:5   | Reached XP level 13. HP: 60/100 MP: 12/12
 16540 | Lair:5   | Reached skill level 15 in Armour
 17059 | Lair:6   | Noticed Rupert
 17099 | Lair:6   | Slain by Rupert

Skill      XL: |  1  2  3  4  5  6  7  8  9 10 11 12 13 |
---------------+----------------------------------------+-----
Armour         | 4 5 6 7 8 10 12 13 14 15 | 15.0
Shields        | 4 5 6 8 10 11 13 14 | 14.9
Maces & Flails | 3 4 5 6 8 10 11 13 14 | 14.9
Fighting       | 4 5 |  5.0

Action                   |  1- 3 |  4- 6 |  7- 9 | 10-12 | 13-15 || total
-------------------------+-------+-------+-------+-------+-------++-------
Melee: Flail             |    64 |   140 |    24 |       |       ||   228
       Headbutt          |     9 |    39 |    68 |   319 |    37 ||   472
       Whip              |       |       |   222 |  1104 |   126 ||  1452
Throw: Throwing net      |       |       |     1 |     3 |       ||     4
Invok: Device Surge      |       |       |       |     1 |       ||     1
Evoke: Wand              |       |       |       |    18 |       ||    18
  Use: Scroll            |       |       |     2 |    27 |       ||    29
       Potion            |       |       |     2 |     5 |     1 ||     8
 Stab: Held in net/web   |       |       |     1 |     1 |       ||     2
       Paralysed         |       |       |       |     5 |       ||     5
  Eat: Chunk             |     1 |     6 |     9 |    30 |     2 ||    48
       Fruit             |       |       |     1 |     2 |       ||     3
Armor: Scale mail        |    24 |    56 |    53 |   205 |    12 ||   350
Dodge: Dodged            |    23 |    41 |    51 |   165 |    11 ||   291
Block: Shield            |    36 |    74 |   110 |   452 |    48 ||   720
       Reflection        |       |       |       |    19 |       ||    19
